 Dungeon Crawl Stone Soup version 0.22.1-1-ga44c0e56f4 (webtiles) character file.

108 Milmulnir the Slinger (level 5, -2/34 HPs)
             Began as a Halfling Hunter on Sept 22, 2018.
             Killed from afar by an orc wizard (8 damage)
             ... with a puff of flame
             ... on level 3 of the Dungeon.
             The game lasted 00:12:13 (1965 turns).

Milmulnir the Slinger (Halfling Hunter)             Turns: 1965, Time: 00:12:13

Health: -2/34      AC:  5    Str: 13    XL:     5   Next: 12%
Magic:  5/5        EV: 14    Int:  9    God:
Gold:   71         SH:  0    Dex: 16    Spells: 4/4 levels left

rFire    . . .     SeeInvis .   b - +0 short sword
rCold    . . .     Gourm    .   (shield restricted)
rNeg     . . .     Faith    .   c - +0 leather armour
rPois    .         Spirit   .   w - +1 helmet
rElec    .         Reflect  .   (no cloak)
rCorr    .         Harm     .   (no gloves)
MR       .....                  (no boots)
Stlth    ++........             (no amulet)
HPRegen  0.11/turn              (no ring)
MPRegen  0.09/turn              (no ring)

@: no status effects
A: small, mutation resistance 1
a: no special abilities


You were on level 3 of the Dungeon.
You were not hungry.

You visited 1 branch of the dungeon, and saw 3 of its levels.

You collected 71 gold pieces.

Inventory:

Hand Weapons
 a - a +1 hunting sling
 b - a +0 short sword (weapon)
Missiles
 d - 18 sling bullets
 h - 56 stones (quivered)
 p - 14 poisoned needles
 q - 32 arrows
Armour
 c - a +0 leather armour (worn)
 t - a +0 pair of boots
 w - a +1 helmet (worn)
Scrolls
 e - 3 scrolls of enchant weapon {unknown}
 g - a scroll of fog {unknown}
 k - 4 scrolls of identify {unknown}
 n - 2 scrolls of teleportation {unknown}
 o - a scroll of noise {unknown}
 r - a scroll of remove curse {unknown}
 u - a scroll of magic mapping {unknown}
 x - 3 scrolls of blinking {unknown}
Potions
 i - 2 potions of curing {unknown}
 j - a potion of might {unknown}
 l - 3 potions of brilliance {unknown}
 m - a potion of haste {unknown}
 s - a potion of degeneration {unknown}
Comestibles
 f - 4 rations
 v - 3 chunks of flesh


   Skills:
 - Level 1.7 Fighting
 * Level 8.8 Slings
 - Level 2.1 Dodging
 - Level 1.1 Stealth


You had 4 spell levels left.
You didn't know any spells.
Your spell library was empty.

Dungeon Overview and Level Annotations

Branches:
Dungeon (3/15)

Altars:


Innate Abilities, Weirdness & Mutations

You are small and have problems with some larger weapons.
You are somewhat resistant to further mutation.


Message History

You barely miss something. Something hits you.
You hit something but do no damage. Something hits you. x2
You closely miss something. Something hits you but does no damage.
You miss something. Something hits you.
You barely miss something.
You hear some strange, mumbled words.
A puff of frost appears from out of thin air!
The puff of frost hits you!
You hear some strange, mumbled words.
A puff of flame appears from out of thin air!
The puff of flame hits you! Something hits you.
A magic dart appears from out of thin air!
The magic dart hits you!
* * * LOW HITPOINT WARNING * * *
You hear some strange, mumbled words.
There is a stone staircase leading up here.
A puff of flame appears from out of thin air!
The puff of flame hits you!
You die...

#######.#...........
...####.......).#..#.#####
.......................
######.#####.#....#.##.#
#######.# #.#........ #
.#.....#.#####.#....#..##
.......'.........#.(....
##.....#.##...##.####....
.........#@......... ..
###########...######
........ ......###
#####..# ##.# .. ...


There were no monsters in sight!

Vanquished Creatures
  An orc wizard (D:3)
  4 adders (D:2)
  A worm (D:2)
  A leopard gecko (D:2)
  2 orcs (D:3)
  3 bats
  A giant cockroach (D:2)
  6 goblins
  4 hobgoblins
  3 jackals (D:2)
  6 kobolds
  A quokka (D:2)
  2 frilled lizards
  3 rats
38 creatures vanquished.

Notes
Turn   | Place    | Note
-------+----------+-------------------------------------------
     0 | D:1      | Milmulnir the Halfling Hunter began the quest for the Orb.
     0 | D:1      | Reached XP level 1. HP: 14/14 MP: 1/1
    56 | D:1      | Reached skill level 6 in Slings
   222 | D:1      | Reached XP level 2. HP: 17/19 MP: 2/2
   821 | D:2      | Reached skill level 7 in Slings
   821 | D:2      | Reached XP level 3. HP: 24/24 MP: 3/3
  1022 | D:2      | Reached XP level 4. HP: 27/29 MP: 4/4
  1194 | D:2      | Reached skill level 8 in Slings
  1933 | D:3      | Reached XP level 5. HP: 34/34 MP: 5/5
  1965 | D:3      | Killed from afar by an orc wizard

Skill      XL: |  1  2  3  4 |
---------------+-------------+-----
Slings         | 6 7 8 |  8.8
Fighting       | |  1.7
Dodging        | |  2.1
Stealth        | |  1.1

Action                   |  1- 3 |  4- 6 || total
-------------------------+-------+-------++-------
Melee: Hunting sling     |       |     6 ||     6
       Short sword       |       |     8 ||     8
 Fire: Hunting sling     |    62 |    78 ||   140
  Eat: Chunk             |       |     3 ||     3
Armor: Leather armour    |     2 |    10 ||    12
Dodge: Dodged            |    11 |    36 ||    47
